 Dungeon Crawl Stone Soup version 0.24.0-13-gcf9b319 (webtiles) character file.

Game seed: 8141481060385508706, levelgen mode: deterministic

32 Bronimir the Firebug (level 3, -1/25 HPs)
             Began as a Demonspawn Fire Elementalist on Apr 20, 2020.
             Slain by a kobold (3 damage)
             ... on level 2 of the Dungeon.
             The game lasted 00:01:51 (1601 turns).

Bronimir the Firebug (Demonspawn Fire Elementalist) Turns: 1601, Time: 00:01:52

Health: -1/25      AC:  2    Str:  7 (8)  XL:     3   Next: 10%
Magic:  0/6        EV: 12    Int: 16 (17) God:
Gold:   64         SH:  0    Dex: 12 (13) Spells: 5/6 levels left

rFire    . . .     SeeInvis .   d - +0 dagger
rCold    . . .     Gourm    .   (no shield)
rNeg     . . .     Faith    .   a - +0 robe
rPois    .         Spirit   +   (no helmet)
rElec    .         Reflect  .   (no cloak)
rCorr    .         Harm     .   (no gloves)
MR       .....                  (no boots)
Stlth    ++........             (no amulet)
HPRegen  0.08/turn              (no ring)
MPRegen  0.10/turn              (no ring)

@: lethally poisoned (-1 -> -7)
A: demonic guardian 1, magic shield
a: no special abilities


You were on level 2 of the Dungeon.
You were not hungry.

You visited 1 branch of the dungeon, and saw 2 of its levels.

You collected 64 gold pieces.

Inventory:

Hand Weapons
 b - a +0 hunting sling
 d - a +0 dagger (weapon)
 n - a +0 club
Missiles
 i - 2 boomerangs (quivered)
 k - 75 stones
 l - 8 bolts
Armour
 a - a +0 robe (worn)
 j - a +0 ring mail
Jewellery
 g - an uncursed amulet of harm {unknown}
 r - an uncursed amulet of harm {unknown}
Scrolls
 e - a scroll of fear {unknown}
 f - a scroll of teleportation {unknown}
 h - 2 scrolls of enchant armour {unknown}
 m - 3 scrolls of fog {unknown}
 o - a scroll of enchant weapon {unknown}
 p - a scroll of blinking {unknown}
Comestibles
 c - 5 rations


   Skills:
 * Level 0.6 Fighting
 + Level 0.1 Short Blades
 * Level 0.5 Armour
 + Level 1.8 Dodging
 - Level 1.7 Stealth
 * Level 2.2 Spellcasting
 * Level 1.1 Conjurations
 * Level 3.3 Fire Magic


You had 5 spell levels left.
You knew the following spells:

 Your Spells              Type           Power        Failure   Level  Hunger
a - Flame Tongue          Conj/Fire      #....        9%          1    #......

Your spell library contained the following spells:

 Spells                   Type           Power        Failure   Level  Hunger
 Throw Flame              Conj/Fire      #.....       12%         2    ###....
 Conjure Flame            Conj/Fire      #.......     24%         3    ###....
 Inner Flame              Hex/Fire       #.......     30%         3    ###....
 Sticky Flame             Conj/Fire      #.......     63%         4    #####..
 Fireball                 Conj/Fire      #.........   92%         5    ######.


Dungeon Overview and Level Annotations

Branches:
Dungeon (2/15)

Altars:
Ru
Zin


Innate Abilities, Weirdness & Mutations

A weak demonic guardian rushes to your aid.
When hurt, damage is shared between your health and your magic reserves.


Message History

The adder is severely wounded.
* * * LOW HITPOINT WARNING * * *
You feel sick. The adder bites you.
* * * LOW HITPOINT WARNING * * *
The kobold hits you but does no damage. The kobold misses you.
You miss the adder.
The adder is severely wounded.
The adder barely misses you. The kobold hits you.
* * * LOW HITPOINT WARNING * * *
The adder bites you but does no damage. The kobold hits you but does no damage.
Casting: Flame Tongue (safe; 8% risk of failure)
Confirm with . or Enter, or press ? or * to list all spells.
You don't have enough magic to cast that spell.
Unknown command.
It was a potion of degeneration.
There was something very wrong with that liquid.
You feel weakened.
You feel dopey.
You feel clumsy.
* * * LOW HITPOINT WARNING * * *
You feel sick. The adder barely misses you. The kobold hits you.
You die...

..........##.# ##........
..........##.# ##..(......
........÷.##.# ##..........
..........##.# ##(..........
..........##.# ##.(..........
..........##.# #.............
........†.'..###.............
..........#....#.K..((.#..#
#'#########....'@S..†...#
#'### #....'.K......# ....#
#....#.......#..# ....#
##....#............ ....#
####.....#............. ....#
#_§#.....##............ ....#
#.##.....###........... ....#
#.'......####......... ....#
#.##.....##.##...


You could see an adder and 2 kobolds.

Vanquished Creatures
  2 adders (D:2)
  3 leopard geckos
  2 hobgoblins
  A ball python (D:2)
  4 bats (D:1)
  A frilled lizard (D:2)
  2 kobolds (D:1)
  2 rats
17 creatures vanquished.

Notes
Turn   | Place    | Note
-------+----------+-------------------------------------------
     0 | D:1      | Bronimir the Demonspawn Fire Elementalist began the quest
                  | for the Orb.
     0 | D:1      | Reached XP level 1. HP: 13/13 MP: 3/3
   396 | D:1      | Reached skill level 3 in Fire Magic
   812 | D:1      | Gained mutation: A weak demonic guardian rushes to your
                  | aid. [demonic ancestry]
   812 | D:1      | Reached XP level 2. HP: 16/19 MP: 3/5
  1368 | D:2      | Found a sacrificial altar of Ru.
  1368 | D:2      | Found a glowing silver altar of Zin.
  1389 | D:2      | Gained mutation: When hurt, damage is shared between your
                  | health and your magic reserves. [demonic ancestry]
  1389 | D:2      | Reached XP level 3. HP: 25/25 MP: 2/6
  1601 | D:2      | Slain by a kobold

Levels and vault maps discovered:
D:1:      dpeg_arrival_houses_and_road, layout_basic
D:2:      kennysheep_big_flooded_room, layout_basic,
          gammafunk_temple_overflow_elements

Skill      XL: |  1 |
---------------+----+-----
Fire Magic     | 3 |  3.3
Fighting       | |  0.6
Short Blades   | |  0.1
Armour         | |  0.5
Dodging        | |  1.8
Stealth        | |  1.7
Spellcasting   | |  2.2
Conjurations   | |  1.1

Action                   || total
-------------------------++-------
Melee: Dagger            ||    33
 Cast: Flame Tongue      ||    21
  Use: Potion            ||     1
  Eat: Chunk             ||     2
Armor: Robe              ||    15
Dodge: Dodged            ||    44
